 Dungeon Crawl Stone Soup version 0.23.0 (webtiles) character file.

Game seed: 8613408124604652420

103 MalarOregon the Poker (level 4, -1/35 HPs)
             Began as a Merfolk Skald on Feb 16, 2019.
             Killed from afar by Natasha (7 damage)
             ... with a magic dart
             ... on level 2 of the Dungeon.
             The game lasted 00:04:03 (2364 turns).

MalarOregon the Poker (Merfolk Skald)               Turns: 2364, Time: 00:04:03

Health: -1/35      AC:  6    Str: 11    XL:     4   Next: 79%
Magic:  4/7        EV: 13    Int: 18    God:
Gold:   68         SH:  0    Dex: 13    Spells: 3/7 levels left

rFire    x . .     SeeInvis .   a - +0 spear
rCold    + + .     Gourm    .   (no shield)
rNeg     + . .     Faith    .   b - +0 leather armour
rPois    .         Spirit   .   o - +2 helmet of a treasure trove {+Inv rF- rC++ rN+}
rElec    .         Reflect  .   (no cloak)
rCorr    .         Harm     .   (no gloves)
MR       .....                  (no boots)
Stlth    +.........             (no amulet)
HPRegen  1.11/turn              (no ring)
MPRegen  0.10/turn              (no ring)

@: brilliant, regenerating, lightly drained
A: change form in water, swift swim, stealthy swim
a: Evoke Invisibility


You were on level 2 of the Dungeon.
You were not hungry.

You visited 1 branch of the dungeon, and saw 2 of its levels.

You collected 68 gold pieces.

Inventory:

Hand Weapons
 a - a +0 spear (weapon)
Armour
 b - a +0 leather armour (worn)
 o - the +2 helmet of a treasure trove (worn) {+Inv rF- rC++ rN+}
   (You took it off Robin on level 1 of the Dungeon)

   It makes you vulnerable to fire.
   It greatly protects you from cold.
   It protects you from negative energy.
   It lets you turn invisible.
Scrolls
 f - 2 scrolls of remove curse {unknown}
 h - a scroll of random uselessness {unknown}
 i - 3 scrolls of identify {unknown}
 j - a scroll of noise {unknown}
 k - 3 scrolls of enchant weapon {unknown}
 l - a scroll of teleportation {unknown}
 t - a scroll of fear {unknown}
Potions
 c - a potion of invisibility {unknown}
 d - a potion of degeneration {unknown}
 g - a potion of magic
 n - a potion of haste {unknown}
 r - a potion of ambrosia {unknown}
 s - a potion of resistance
Comestibles
 e - 5 rations {!d}
 p - 4 chunks of flesh


   Skills:
 + Level 3.5(3.4) Fighting
 + Level 4.7 Polearms
 - Level 0.6(0.5) Armour
 + Level 4.2 Dodging
 - Level 2.0(1.9) Spellcasting
 - Level 3.2 Charms


You had 3 spell levels left.
You knew the following spells:

 Your Spells              Type           Power        Failure   Level  Hunger
a - Infusion              Chrm           ###.         1%          1    #......
e - Regeneration          Chrm/Necr      ###.......   4%          3    ###....

Your spell library contained the following spells:

 Spells                   Type           Power        Failure   Level  Hunger
 Song of Slaying          Chrm           ###.....     1%          2    ###....
 Shroud of Golubria       Chrm/Tloc      ###.......   2%          2    ###....
 Spectral Weapon          Hex/Chrm       ###.....     4%          3    ###....


Dungeon Overview and Level Annotations

Branches:
Dungeon (2/15)

Altars:
Ashenzari
Vehumet
Wu Jian

Annotations:
D:2 Natasha


Message History

Natasha casts a spell.
The crimson imp barely misses you. Natasha barely misses you.
You hit Natasha but do no damage.
The crimson imp hits you but does no damage.
The white imp misses you. Natasha closely misses you.
The crimson imp barely misses you.
The crimson imp disappears in a puff of smoke!
The white imp gestures at you. The puff of frost misses you.
Natasha completely misses you.
You feel yourself speed up. The white imp gestures at you.
The puff of frost hits you but does no damage.
You resist. Natasha claws you but does no damage.
Unknown command.
You closely miss Natasha. Natasha closely misses you.
You closely miss Natasha.
Natasha wildly gestures.
You feel disoriented. Natasha claws you but does no damage.
You hit Natasha but do no damage. Natasha closely misses you.
Found 19 bolts.
Found a radiant altar of Vehumet.
You miss Natasha. Natasha claws you.
* * * LOW HITPOINT WARNING * * *
You hit Natasha.
Natasha casts a spell.
You hit Natasha.
Natasha stares at you and mumbles some strange words.
The magic dart hits you.
* * * LOW HITPOINT WARNING * * *
It was a potion of cancellation.
Your magical effects are unravelling.
You feel magically purged.
Your resistance to elements expires.
The crimson imp closely misses you. Natasha closely misses you.
It was a potion of magic.
Magic courses through your body. The crimson imp closely misses you.
Natasha closely misses you.
It was a potion of brilliance.
You feel clever all of a sudden. The crimson imp hits you.
* * * LOW HITPOINT WARNING * * *
The white imp shouts, "Turn tail, thou peeagling rude-growing cross-patch!"
Natasha mumbles some strange words.
Okay, then.
Your skin crawls.
The crimson imp closely misses you. Natasha closely misses you.
The crimson imp blinks!
You hit Natasha but do no damage. The crimson imp closely misses you.
You barely miss Natasha. Natasha casts a spell at you. The magic dart hits you!
You die...

###.# #.# # ##.#.# #.#
.# #....#####.#####.#
................#
...............##
.....###.#....## .....#
#.#...##
##.#.###.##..§#####.####
.........###..5h@......#
####.#..## #.####5####.#
...#..## #.# ...
###.#...# ..# .(..#
#.#÷#.##..# ....#
#.#.#.##... _.....
#.........# ....#.#
#.#...##..# ....#.#
#.#...#


You could see Natasha, a crimson imp and a white imp.

Vanquished Creatures
  Robin (D:1)
  3 adders (D:2)
  2 oozes
  A dart slug (D:1)
  3 leopard geckos (D:1)
  7 bats
  A giant cockroach (D:2)
  14 goblins
  6 hobgoblins
  2 jackals (D:2)
  2 quokkas (D:2)
  A frilled lizard (D:1)
  5 rats
48 creatures vanquished.

Notes
Turn   | Place    | Note
-------+----------+-------------------------------------------
     0 | D:1      | MalarOregon the Merfolk Skald began the quest for the Orb.
     0 | D:1      | Reached XP level 1. HP: 16/16 MP: 3/3
   152 | D:1      | Reached XP level 2. HP: 23/23 MP: 5/5
   333 | D:1      | HP: 1/23 [hobgoblin/+0 club (3)]
   378 | D:1      | HP: 1/23 [hobgoblin/+0 club (3)]
   788 | D:1      | Reached XP level 3. HP: 28/28 MP: 6/6
   868 | D:1      | Learned a level 3 spell: Regeneration
  1020 | D:2      | Found an ornate altar of the Wu Jian Council.
  1055 | D:2      | Found a shattered altar of Ashenzari.
  1055 | D:2      | Identified the +2 helmet of a treasure trove {+Inv rF- rC++
                  | rN+}
  1055 | D:2      | Noticed Robin
  1393 | D:1      | Killed Robin
  1620 | D:2      | Reached XP level 4. HP: 24/35 MP: 7/7
  2330 | D:2      | Noticed Natasha
  2355 | D:2      | Found a radiant altar of Vehumet.
  2364 | D:2      | Killed from afar by Natasha

Skill      XL: |  1  2  3  4 |
---------------+-------------+-----
Dodging        | 3 4 |  4.2
Fighting       | 3 |  3.5
Polearms       | 4 |  4.7
Armour         | |  0.6
Spellcasting   | |  2.0
Charms         | |  3.2

Action                   |  1- 3 |  4- 6 || total
-------------------------+-------+-------++-------
Melee: Spear             |   156 |   103 ||   259
 Cast: Regeneration      |       |     1 ||     1
  Use: Potion            |       |     4 ||     4
 Stab: Sleeping          |       |     1 ||     1
  Eat: Chunk             |     2 |     3 ||     5
Armor: Leather armour    |    36 |    27 ||    63
Dodge: Dodged            |    98 |    85 ||   183
